Map: Nightshade LE

Players

YoutubeTY (TY) - Winner!

  • Race: Terran Terran
  • League: Diamond
  • Spawn Location: 5:00

ShoWTimE

  • Race: Protoss Protoss
  • Spawn Location: 11:00

Event: Shopify TSL 5

VOD

Have the link to the VOD?

Description

Time

  • Played on: May 24, 2020, 12:35 p.m.
  • Length: 15:32

All games in this series

Show
View Real Time Build Order
Export as new Build Order

YoutubeTY Terran - Winner!

Build Orders: Liberator Opening 

Get SALT Encoding   

  12  0:01  SCV  
  13  0:13  SCV  
  14  0:17  Supply Depot  
  14  0:25  SCV  
  15  0:39  SCV, Barracks  
  16  0:43  Refinery  
  16  0:51  SCV  
  17  1:03  SCV  
  18  1:15  SCV  
  19  1:26  Marine  
  19  1:28  Orbital Command  
  20  1:43  Command Center  
  20  1:46  Barracks Reactor  
  20  1:51  Supply Depot  
  20  1:55  SCV  
  21  2:04  Factory  
  21  2:08  SCV  
  22  2:18  Refinery  
  22  2:20  SCV  
  22  2:22  Marine x2  
  25  2:32  SCV  
  26  2:40  Marine x2  
  28  2:44  SCV  
  28  2:49  Starport, Widow Mine  
  31  2:56  SCV  
  31  2:57  Orbital Command  
  32  3:00  Marine  
  32  3:01  Marine  
  34  3:08  SCV  
  34  3:11  Widow Mine  
  37  3:19  Supply Depot  
  37  3:20  Marine  
  37  3:21  SCV  
  37  3:23  SCV  
  40  3:27  Medivac  
  40  3:33  SCV  
  40  3:34  Factory Tech Lab  
  43  3:35  SCV  
  44  3:45  SCV, Marine x2  
  44  3:47  SCV  
  48  3:49  Supply Depot  
  48  3:52  Siege Tank  
  51  3:57  SCV  
  51  4:00  SCV  
  53  4:03  Marine  
  54  4:10  Liberator  
  54  4:11  Marine  
  54  4:13  SCV, Supply Depot  
  54  4:14  SCV  
  60  4:20  Supply Depot  
  60  4:21  Marine  
  61  4:25  SCV  
  62  4:34  Marine, Siege Tank  
  62  4:36  SCV  
  62  4:38  SCV, Supply Depot  
  68  4:40  Marine  
  69  4:48  SCV  
  69  4:52  SCV, Marine  
  68  4:53  Viking  
  68  4:58  Marine  
  69  5:04  Supply Depot  
  69  5:06  Cyclone  
  72  5:10  Marine  
  72  5:17  SCV x2, Command Center  
  74  5:23  Viking  
  74  5:26  Marine  
  77  5:28  Refinery  
  77  5:29  SCV x2, Refinery  
  79  5:38  Cyclone  
  79  5:42  SCV x2  
  81  5:43  Marine  
  81  5:44  Marine  
  83  5:53  Viking  
  83  5:54  SCV  
  86  5:58  SCV  
  87  6:06  SCV, Marine x2  
  87  6:09  Supply Depot  
  87  6:10  SCV  
  91  6:18  SCV  
  92  6:21  Siege Tank  
  92  6:22  SCV  
  93  6:26  Marine x2  
  93  6:31  Viking  
  93  6:32  SCV  
  95  6:35  SCV  
  91  6:44  Bunker, Marine  
  88  6:47  Bunker  
  88  6:48  Bunker, Marine  
  88  6:49  SCV  
  90  6:55  Siege Tank  
  90  7:01  Viking, SCV  
  96  7:02  Marine  
  96  7:03  Orbital Command  
  96  7:05  Barracks  
  96  7:06  Barracks  
  96  7:11  Marine  
  83  7:16  SCV x2  
  83  7:20  Marine  
  82  7:27  Siege Tank  
  82  7:28  SCV x2  
  85  7:32  Liberator  
  85  7:35  SCV  
  89  7:40  SCV, Marine  
  81  7:52  Orbital Command  
  81  7:53  SCV  
  81  7:54  Marine  
  81  7:57  Barracks Tech Lab  
  81  7:58  Barracks, Barracks Tech Lab  
  83  7:59  Siege Tank  
  83  8:00  Barracks  
  83  8:04  Marine  
  87  8:06  SCV x2  
  87  8:12  Marine  
  88  8:16  Engineering Bay x2  
  88  8:18  SCV  
  88  8:19  SCV, Starport Reactor, Marine  
  87  8:20  Combat Shield, Stimpack, Marine  
  87  8:27  SCV  
  87  8:31  SCV x2, Marine x2, Siege Tank  
  95  8:38  Marauder x2  
  95  8:39  Supply Depot  
  95  8:40  SCV, Supply Depot  
  100  8:43  SCV  
  100  8:46  Refinery  
  100  8:47  SCV  
  102  8:48  Refinery  
  102  8:49  Marine x2  
  102  8:52  SCV  
  105  8:55  Barracks Reactor, Barracks Tech Lab  
  105  8:56  Terran Infantry Armor Level 1  
  105  8:57  Medivac x2  
  105  8:58  SCV, Missile Turret  
  105  8:59  SCV, Marine x2  
  113  9:05  Siege Tank  
  113  9:07  Missile Turret, Marine x2  
  118  9:10  Missile Turret  
  118  9:17  Marauder x2  
  120  9:21  Concussive Shells  
  120  9:23  Marine  
  120  9:24  Missile Turret, Marine  
  120  9:27  Marine  
  120  9:28  Supply Depot x2  
  120  9:29  Medivac x2, Missile Turret  
  126  9:33  Marine x2  
  128  9:39  Siege Tank  
  128  9:44  Supply Depot, Marauder  
  133  9:49  Marine x2  
  133  9:50  Marauder x2  
  133  9:51  Supply Depot, Marine  
  133  9:52  Supply Depot  
  140  9:55  Armory, Terran Infantry Weapons Level 1  
  140  9:56  Marine  
  141  10:01  SCV x2  
  141  10:04  Marine  
  144  10:07  Marine x2  
  144  10:09  Marine  
  144  10:13  Orbital Command  
  147  10:14  SCV x2  
  147  10:16  Supply Depot  
  147  10:18  Marine x2  
  147  10:19  Missile Turret  
  151  10:24  Viking, Ghost Academy  
  152  10:30  Viking, Marine x3  
  152  10:31  Marine  
  157  10:36  Starport  
  157  10:45  Sensor Tower  
  157  10:53  Ghost x2  
  157  10:55  Marine x3  
  157  10:56  Refinery  
  163  10:57  Refinery  
  163  10:58  Factory Reactor  
  163  11:03  Viking  
  164  11:07  Supply Depot  
  164  11:11  Viking  
  166  11:14  Marine x4  
  170  11:18  SCV, Command Center  
  170  11:19  SCV x2  
  170  11:24  Terran Infantry Armor Level 2  
  173  11:26  Marine x3  
  173  11:32  Missile Turret  
  176  11:33  Marine x2  
  176  11:39  Viking x3  
  184  11:44  Viking  
  186  11:53  Barracks  
  185  11:55  Barracks  
  185  11:56  Barracks  
  185  11:57  Marauder x2  
  189  12:07  Marine x3  
  189  12:08  Marine  
  189  12:09  Viking  
  189  12:12  Viking  
  189  12:13  Marauder  
  186  12:16  Viking  
  186  12:19  Viking  
  186  12:21  Marine  
  186  12:22  Marine  
  188  12:24  Marine  
  189  12:30  Supply Depot  
  189  12:32  Supply Depot  
  184  12:39  Ghost  
  184  12:41  Marine x3  
  184  12:42  Terran Infantry Weapons Level 2  
  180  12:44  Ghost  
  180  12:47  Barracks Reactor, Barracks Tech Lab x2  
  180  12:49  Viking  
  177  12:52  Viking  
  177  12:56  Viking  
  182  13:01  Marauder  
  179  13:08  Marauder  
  179  13:10  Marauder x2  
  179  13:11  Marine  
  179  13:12  Marine x3  
  187  13:14  Marauder  
  187  13:18  Terran Ship Weapons Level 1, Enhanced Shockwaves  
  191  13:22  Marine  
  191  13:25  Planetary Fortress  
  191  13:26  Marine x2  
  194  13:29  Marine x2  
  195  13:40  Marauder x2, Marine  
  200  13:52  Command Center  
  178  14:11  Marine  
  154  14:19  Marauder x4, Marine x6  
  154  14:21  SCV x3  
  154  14:23  Medivac x3  
  170  14:29  Marine  
  171  14:36  Marine  
  171  14:37  Marine x4  
  178  14:45  Marauder x2  
  178  14:46  Marauder, Marine  
  181  14:53  Ghost x2  
  181  14:55  Marine x2  
  187  15:01  Marine x3  
  190  15:10  Marine  
  190  15:11  Marine x3  
  190  15:13  Marine x2  
Show
View Real Time Build Order
Export as new Build Order

ShoWTimE Protoss 

Build Orders: 1 Gate Expand, Phoenix Opening, Colossus Rush 

Get SALT Encoding   

  12  0:00  Probe  
  13  0:12  Probe  
  14  0:17  Pylon  
  14  0:25  Probe (Chrono Boost)  
  15  0:36  Gateway  
  15  0:37  Probe (Chrono Boost)  
  16  0:44  Probe (Chrono Boost)  
  16  0:46  Assimilator  
  17  0:51  Probe  
  18  1:03  Probe  
  19  1:15  Probe  
  20  1:23  Cybernetics Core  
  20  1:32  Nexus  
  20  1:35  Probe  
  21  1:42  Pylon  
  20  1:47  Probe  
  20  1:51  Assimilator  
  21  1:58  Adept (Chrono Boost)  
  21  2:00  Probe  
  24  2:12  Probe  
  25  2:21  Stargate  
  25  2:24  Probe (Chrono Boost)  
  25  2:29  Stalker  
  28  2:36  Probe (Chrono Boost)  
  29  2:38  Warp Gate  
  30  2:45  Probe (Chrono Boost)  
  30  2:47  Probe (Chrono Boost)  
  32  2:54  Probe (Chrono Boost)  
  32  2:55  Probe (Chrono Boost)  
  33  2:59  Probe (Chrono Boost)  
  33  3:02  Probe  
  33  3:04  Phoenix  
  37  3:07  Stalker  
  37  3:11  Probe (Chrono Boost)  
  40  3:12  Pylon  
  40  3:19  Probe (Chrono Boost)  
  41  3:23  Probe (Chrono Boost)  
  43  3:28  Probe x2 (Chrono Boost)  
  43  3:29  Phoenix  
  43  3:33  Gateway  
  46  3:38  Gateway  
  46  3:40  Probe  
  47  3:43  Probe  
  48  3:48  Assimilator  
  48  3:50  Assimilator  
  48  3:52  Probe  
  48  3:53  Pylon  
  50  3:55  Probe  
  50  3:59  Phoenix (Chrono Boost)  
  52  4:05  Robotics Facility  
  52  4:07  Probe  
  52  4:09  Probe  
  54  4:15  Pylon  
  54  4:19  Probe  
  54  4:21  Probe  
  54  4:23  Phoenix  
  58  4:31  Probe, Pylon  
  59  4:38  Stalker x2  
  63  4:41  Probe  
  62  4:48  Stalker  
  62  4:51  Pylon  
  64  4:54  Immortal (Chrono Boost)  
  68  5:04  Robotics Bay  
  68  5:11  Sentry  
  70  5:18  Nexus  
  70  5:20  Probe x2  
  73  5:28  Observer  
  73  5:32  Probe x2  
  73  5:33  Forge  
  75  5:44  Probe x2  
  75  5:46  Twilight Council  
  75  5:49  Pylon  
  77  5:50  Colossus (Chrono Boost)  
  77  5:57  Probe  
  85  6:04  Pylon  
  80  6:05  Stalker x3  
  86  6:14  Shield Battery  
  86  6:19  Pylon  
  85  6:29  Stalker  
  85  6:30  Stalker x2  
  82  6:33  Disruptor (Chrono Boost)  
  82  6:46  Probe x2  
  84  6:47  Charge (Chrono Boost)  
  84  6:49  Probe  
  84  6:51  Pylon  
  85  6:54  Zealot x2  
  86  7:02  Probe  
  68  7:19  Disruptor (Chrono Boost)  
  68  7:20  Zealot x2  
  68  7:22  Probe  
  70  7:24  Probe  
  70  7:26  Probe  
  70  7:34  Gateway, Protoss Ground Armor Level 1 (Chrono Boost)  
  70  7:35  Gateway  
  70  7:36  Probe  
  69  7:37  Gateway  
  69  7:41  Stalker x2  
  70  7:44  Probe  
  70  7:46  Probe, Disruptor  
  71  7:56  Gateway  
  71  7:58  Probe  
  72  8:00  Gateway  
  72  8:03  Gateway  
  72  8:08  Stalker x2  
  72  8:09  Probe  
  72  8:10  Probe  
  72  8:12  Probe  
  74  8:17  Pylon  
  74  8:21  Probe  
  74  8:22  Probe  
  74  8:24  Probe  
  74  8:25  Colossus (Chrono Boost)  
  77  8:32  Blink (Chrono Boost)  
  77  8:33  Probe  
  84  8:34  Probe  
  84  8:41  Probe  
  86  8:46  Probe, Assimilator  
  86  8:47  Probe, Assimilator  
  88  8:49  Sentry, Zealot  
  88  8:51  Zealot  
  88  8:53  Probe  
  88  8:54  Zealot  
  97  9:02  Stalker  
  94  9:04  Probe  
  94  9:05  Probe  
  91  9:16  Stalker  
  91  9:17  Probe  
  91  9:21  Probe (Chrono Boost)  
  92  9:27  Probe (Chrono Boost), Templar Archives  
  92  9:29  Probe (Chrono Boost)  
  94  9:33  Probe (Chrono Boost)  
  94  9:37  Colossus (Chrono Boost), Protoss Ground Weapons Level 1 (Chrono Boost)  
  94  9:38  Probe (Chrono Boost)  
  102  9:43  Probe x2 (Chrono Boost)  
  104  9:48  Observer  
  104  9:53  Zealot x3  
  104  9:56  Pylon  
  110  10:08  Pylon, High Templar x2  
  110  10:12  Archon  
  114  10:24  Colossus (Chrono Boost)  
  114  10:25  Zealot x5  
  130  10:33  Stalker  
  132  10:39  Observer  
  132  10:41  Observer  
  132  10:43  Nexus  
  132  10:50  Pylon  
  132  10:52  Pylon x2  
  132  10:59  Pylon  
  132  11:08  Warp Prism, Pylon  
  132  11:11  High Templar x3  
  138  11:12  Zealot x3, High Templar  
  138  11:17  Archon x2  
  146  11:21  Photon Cannon  
  146  11:23  Photon Cannon  
  146  11:25  Pylon, Protoss Ground Weapons Level 2 (Chrono Boost)  
  146  11:26  Probe x2  
  148  11:35  High Templar x2  
  148  11:36  Zealot  
  148  11:39  Archon  
  154  11:42  High Templar  
  154  11:43  High Templar  
  154  11:44  Zealot x2  
  162  11:48  Archon  
  162  11:54  Photon Cannon  
  162  11:57  Probe x3  
  165  12:01  High Templar  
  165  12:02  High Templar  
  165  12:03  Pylon  
  165  12:05  Zealot x2  
  165  12:07  Archon  
  168  12:12  Zealot x2  
  158  12:32  High Templar x2  
  159  12:37  Zealot x6  
  171  12:48  Pylon  
  171  12:50  Pylon  
  171  12:53  Pylon  
  171  13:02  Pylon  
  171  13:04  Nexus  
  167  13:08  Pylon  
  167  13:16  High Templar x3  
  167  13:17  Zealot x2, High Templar  
  179  13:20  Archon  
  179  13:21  Archon, Zealot  
  179  13:26  Zealot  
  183  13:43  Stalker x3  
  183  13:46  Zealot x4  
  191  13:51  Zealot x3  
  191  13:54  Zealot  
  163  14:12  Zealot x2  
  163  14:13  Zealot x3  
  151  14:20  Zealot x3  
  149  14:33  Stalker x2  
  149  14:34  Stalker x2  
  142  14:50  High Templar x3  
  142  14:51  High Templar  
  150  14:54  Archon x2  
  150  14:55  Zealot  
  150  14:56  Zealot x2  
  156  15:00  Zealot  
Tags
 
Add a new tag
Caveats
  • Supply blocks, unpowered buildings, or Contaminate may cause inaccurate times.
  • Supply counts are checked every 10 seconds.